AoeStats
← micely

Arena

510229746Analyzed
4v4 RM · 1d ago on Sep 30, 2026· 47m 2s· 8 players
Game mode
Random Map
Map size
Large (8 player)
Population
200
Speed
Normal
Resources
Standard
Victory
Conquest
Starting age
Dark Age
Ending age
Imperial Age
RankedLock teamsTeams togetherTeam positionsShared explorationLock speedFull tech treeHidden civsTurbo modeCheats
Victory
Defeat
🇨🇴 Italians · Colombia
921
+9
🇨🇴 Burgundians · Colombia
914
+9
🇵🇦 Khmer · Panama
894
+10
🇨🇴 Poles · Colombia
853
+12
🇨🇳 Jurchens · China
838
-13
🇺🇸 Chinese · United States
747
-10
🇺🇸 Portuguese · United States
741
-9
🇺🇸 Huns · United States
705
-8
Jimmz
11:00 Feudal Age
14:32 Castle Age
12:44 Double-Bit Axe
15:23 Wheelbarrow
16:17 Bow Saw
16:31 Horse Collar
19:30 Hand Cart
20:36 Loom
23:23 Stone Mining
24:46 Loom
28:23 Scale Barding Armor
32:41 Imperial Age
30:15 Padded Archer Armor
30:05 Fletching
30:38 Chain Barding Armor
30:29 Forging
30:27 Gold Mining
31:21 Heavy Plow
31:25 Bodkin Arrow
31:45 Leather Archer Armor
32:08 Thumb Ring
32:40 Ballistics
34:22 Chemistry
33:49 Conscription
33:32 Arquebus
38:52 Ring Archer Armor
38:23 Bracer
micely
11:43 Feudal Age
13:00 Wheelbarrow
13:06 Double-Bit Axe
14:16 Horse Collar
16:34 Bloodlines
16:50 Gold Mining
23:38 Castle Age
22:10 Forging
22:07 Scale Barding Armor
24:38 Hand Cart
24:37 Heavy Plow
25:17 Gold Shaft Mining
24:57 Bow Saw
24:56 Husbandry
27:01 Stone Mining
skywalkeratat
0:38 Loom
10:54 Feudal Age
11:56 Double-Bit Axe
11:55 Horse Collar
19:06 Stone Mining
19:06 Gold Mining
24:20 Castle Age
25:49 Bow Saw
26:06 Caravan
27:23 Heavy Plow
28:02 Gold Shaft Mining
28:02 Stone Shaft Mining
29:33 Wheelbarrow
33:54 Imperial Age
31:27 Pikeman
33:10 Hand Cart
34:13 Scale Mail Armor
34:24 Forging
34:15 Padded Archer Armor
34:06 Fletching
34:05 Elite Fire Lancer
36:17 Iron Casting
35:58 Chain Mail Armor
36:37 Conscription
36:51 Great Wall
38:53 Heavy Scorpion
40:59 Plate Mail Armor
41:44 Halberdier
43:44 Blast Furnace
43:00 Leather Archer Armor
42:40 Bodkin Arrow
44:56 Elite Skirmisher
知行
10:30 Feudal Age
14:35 Castle Age
12:22 Horse Collar
13:26 Double-Bit Axe
23:26 Wheelbarrow
22:36 Loom
28:29 Imperial Age
26:47 Hand Cart
27:44 Bow Saw
28:09 Forging
28:05 Scale Barding Armor
28:33 Heavy Plow
29:30 Iron Casting
29:40 Bloodlines
29:31 Husbandry
29:58 Chain Barding Armor
29:03 Elite Steppe Lancer
31:25 Gold Mining
32:39 Blast Furnace
32:15 Plate Barding Armor
32:24 Plate Barding Armor
Andresvq7
0:28 Loom
11:47 Feudal Age
12:18 Double-Bit Axe
12:34 Stone Mining
12:31 Horse Collar
13:43 Wheelbarrow
19:43 Castle Age
17:59 Gold Mining
19:17 Scale Barding Armor
19:24 Forging
19:27 Scale Mail Armor
22:02 Bow Saw
22:39 Heavy Plow
23:30 Hand Cart
23:43 Bloodlines
25:05 Husbandry
26:54 Szlachta Privileges
28:04 Stone Shaft Mining
32:56 Imperial Age
32:33 Chain Barding Armor
33:26 Iron Casting
33:07 Chain Mail Armor
34:18 Conscription
34:09 Cavalier
35:41 Crop Rotation
37:14 Blast Furnace
38:17 Plate Mail Armor
37:14 Light Cavalry
37:58 Winged Hussar
38:51 Sappers
39:44 Lechitic Legacy
38:55 Sappers
40:10 Hoardings
nacho.joyita
5:49 Loom
6:12 Loom
9:07 Feudal Age
18:21 Castle Age
16:25 Double-Bit Axe
16:56 Gold Mining
17:34 Horse Collar
21:14 Wheelbarrow
25:58 Town Watch
27:52 Gold Shaft Mining
27:43 Heavy Plow
28:39 Bow Saw
28:43 Stone Mining
29:07 Redemption
29:18 Sanctity
29:36 Town Patrol
33:46 Imperial Age
32:50 Stone Shaft Mining
32:33 Hand Cart
32:19 Town Patrol
33:02 Ballistics
34:23 Masonry
34:24 Town Patrol
34:11 Elite Ballista Elephant
34:52 Double Crossbow
37:48 Chemistry
37:20 Architecture
39:12 Conscription
39:33 Hoardings
40:19 Scale Barding Armor
40:24 Forging
41:39 Chain Barding Armor
MataLokas4216
3:43 Loom
10:19 Feudal Age
9:00 Loom
14:44 Castle Age
14:04 Double-Bit Axe
19:32 Stone Mining
21:31 Horse Collar
22:06 Gold Mining
22:38 Fletching
24:23 Padded Archer Armor
28:03 Imperial Age
26:12 Wheelbarrow
29:07 Bow Saw
30:22 Ballistics
31:04 Chemistry
29:45 Treadmill Crane
31:28 Silk Road
31:44 Hoardings
32:23 Two-Man Saw
32:05 Silk Road
32:14 Heavy Plow
33:12 Leather Archer Armor
35:47 Hand Cart
36:05 Ring Archer Armor
35:32 Murder Holes
35:25 Town Watch
37:21 Stone Shaft Mining
38:12 Bombard Tower
37:26 Elite Genoese Crossbowman
40:23 Cavalier
41:03 Husbandry
41:02 Elite Skirmisher
44:58 Pirotechnia
45:09 Conscription
44:51 Bodkin Arrow
45:07 Forging
44:57 Scale Mail Armor
45:03 Scale Barding Armor
46:03 Bracer
46:49 Crop Rotation
Salvatoremancuso
2:40 Loom
10:12 Feudal Age
8:32 Double-Bit Axe
12:04 Bow Saw
18:24 Castle Age
17:11 Horse Collar
18:05 Heavy Plow
22:19 Scale Barding Armor
22:24 Forging
23:28 Husbandry
25:21 Wheelbarrow
26:16 Two-Man Saw
27:47 Crop Rotation
29:21 Cavalier
32:52 Imperial Age
31:22 Iron Casting
31:08 Chain Barding Armor
31:39 Hand Cart
31:46 Gold Mining
33:28 Town Watch
35:02 Gold Shaft Mining
34:54 Elite Coustillier
36:58 Blast Furnace
36:23 Burgundian Vineyards
40:22 Town Patrol
43:55 Chemistry
43:16 Ballistics
44:51 Treadmill Crane
45:21 Masonry
45:32 Bombard Tower
48:00 Plate Barding Armor
Connection lost

Rejoining the realm…

Still unreachable

The connection could not be restored.

Session expired

The server has moved on; the page needs a fresh start.